 Dungeon Crawl Stone Soup version 0.22.1-1-ga44c0e5 (webtiles) character file.

480 Fang the Chopper (level 7, -3/44 HPs)
             Began as a Gargoyle Berserker on Oct 2, 2018.
             Was a Believer of Trog.
             Slain by a bullfrog (7 damage)
             ... on level 7 of the Dungeon.
             The game lasted 00:07:17 (5358 turns).

Fang the Chopper (Gargoyle Berserker)               Turns: 5358, Time: 00:07:18

Health: -3/44      AC:  7    Str: 23    XL:     7   Next: 12%
Magic:  7/7        EV: 13    Int:  7    God:    Trog [**....]
Gold:   237        SH:  0    Dex:  9    Spells: 6/6 levels left

rFire    + . .     SeeInvis .   a - +0 hand axe
rCold    . . .     Gourm    .   (no shield)
rNeg     + . .     Faith    .   b - +1 animal skin
rPois    ∞         Spirit   .   (no helmet)
rElec    +         Reflect  .   (no cloak)
rCorr    .         Harm     .   (no gloves)
MR       .....                  (no boots)
Stlth    +.........             k - amulet of Autumn {Inacc rF+}
HPRegen  0.14/turn              m - +1 ring of evasion
MPRegen  0.10/turn              h - ring of flight

@: berserk cooldown, slowed, drained, very slow
A: claws 1, negative energy resistance 1, electricity resistance, unbreathing,
petrification resistance, rot immunity, AC +4
a: Berserk, Trog's Hand, Renounce Religion, Evoke Flight


You were on level 7 of the Dungeon.
You worshipped Trog.
Trog was pleased with you.
You were hungry.

You visited 1 branch of the dungeon, and saw 6 of its levels.

You collected 237 gold pieces.

Inventory:

Hand Weapons
 a - a +0 hand axe (weapon)
Armour
 b - a +1 animal skin (worn)
Jewellery
 h - a ring of flight (right claw)
 k - the amulet of Autumn (around neck) {Inacc rF+}
   (You found it on level 4 of the Dungeon)

   [amulet of inaccuracy]

   It reduces the accuracy of all your attacks.
   It protects you from fire.
 m - a +1 ring of evasion (left claw)
Scrolls
 d - 3 scrolls of enchant armour
 o - a scroll of remove curse
 s - a scroll of teleportation
Potions
 e - a potion of invisibility {unknown}
 f - a potion of haste
 g - a potion of might
 i - a potion of lignification
 j - a potion of cancellation
 l - 2 potions of brilliance
 n - a potion of flight
 p - 2 potions of heal wounds
 q - 2 potions of curing
 r - a potion of agility
 t - a potion of ambrosia
Comestibles
 c - 5 rations


   Skills:
 + Level 4.6(4.0) Fighting
 + Level 5.3(4.7) Axes
 + Level 2.2(1.7) Armour
 + Level 3.5(3.0) Dodging
 + Level 1.2(0.7) Stealth


You had 6 spell levels left.
You didn't know any spells.
Your spell library was empty.

Dungeon Overview and Level Annotations

Branches:
Dungeon (5/15)             Temple (0/1) D:7

Altars:
Uskayaw
Wu Jian


Innate Abilities, Weirdness & Mutations

You are resistant to torment.
Your stone body is resilient. (AC +4)
You are immune to poison.
You resist negative energy. (rN+)
You are resistant to electric shocks. (rElec)
You can survive without breathing.
You are immune to petrification.
You are immune to rotting.
You have sharp fingernails.


Message History

* * * LOW HITPOINT WARNING * * *
An orc comes into view. It is wielding a dagger.
The orc shouts!
You slash the hippogriff!
You kill the hippogriff!
Trog accepts your kill.
Your base Axes skill increases to level 5!
You have reached level 7!
You closely miss the water moccasin. You barely miss the bullfrog.
The water moccasin bites you but does no damage.
The bullfrog hits you but does no damage.
An orc priest comes into view. It is wielding a club.
The water moccasin closely misses you. The bullfrog closely misses you.
You closely miss the water moccasin.
The water moccasin is almost dead.
You barely miss the bullfrog. The bullfrog closely misses you.
The water moccasin barely misses you.
A quokka comes into view.
The bullfrog hits you!
You die...

#............#
##.......8.>.8
.............
.........#.8
...h.......###.#
...............#
...........#
......FS...#
.......@...#
..?........#
...........#
...........#
r.o........#
o..........#
......?....#
...........#


You could see a water moccasin, a bullfrog, a howler monkey, an orc priest
(wandering), an orc and a quokka.

Vanquished Creatures
  A hippogriff (D:7)
  An orc priest (D:4)
  A bullfrog skeleton (D:5)
  An orc wizard (D:4)
  An iguana (D:4)
  A worker ant (D:3)
  8 adders
  A shadow imp (D:3)
  An ooze (D:3)
  A worm (D:3)
  A dart slug (D:3)
  A leopard gecko (D:3)
  10 orcs
  2 giant cockroaches
  8 goblins
  10 hobgoblins
  5 jackals
  A ball python (D:1)
  3 bats (D:1)
  3 frilled lizards
  10 kobolds
  8 rats
79 creatures vanquished.

Notes
Turn   | Place    | Note
-------+----------+-------------------------------------------
     0 | D:1      | Fang the Gargoyle Berserker began the quest for the Orb.
     0 | D:1      | Reached XP level 1. HP: 14/14 MP: 1/1
   351 | D:1      | Reached XP level 2. HP: 9/20 MP: 2/2
   480 | D:1      | Reached skill level 3 in Axes
  1089 | D:1      | Reached XP level 3. HP: 19/24 MP: 3/3
  1508 | D:1      | Reached ** piety under Trog
  1659 | D:2      | Found an ornate altar of the Wu Jian Council.
  1842 | D:2      | Reached XP level 4. HP: 19/29 MP: 4/4
  2568 | D:3      | Reached XP level 5. HP: 11/33 MP: 5/5
  2835 | D:3      | Reached skill level 4 in Axes
  3535 | D:4      | Reached XP level 6. HP: 11/39 MP: 6/6
  4348 | D:4      | Got an ancient graven amulet
  4427 | D:4      | Found a hide-covered altar of Uskayaw.
  4613 | D:5      | Entered Level 5 of the Dungeon
  4734 | D:5      | Identified the amulet of Autumn {Inacc rF+} (You found it
                  | on level 4 of the Dungeon)
  4822 | D:5      | Gained mutation: You possess an exceptional clarity of
                  | mind. [potion of mutation]
  4822 | D:5      | Lost mutation: You possess an exceptional clarity of mind.
                  | [potion of mutation]
  4822 | D:5      | Gained mutation: You have sharp fingernails. [potion of
                  | mutation]
  5123 | D:5      | Reached skill level 1 in Stealth
  5338 | D:5      | You fall through a shaft for 2 floors!
  5338 | D:7      | Found a staircase to the Ecumenical Temple.
  5338 | D:7      | Noticed a hippogriff
  5339 | D:7      | Noticed a water moccasin
  5357 | D:7      | Killed a hippogriff
  5357 | D:7      | Reached skill level 5 in Axes
  5357 | D:7      | Reached XP level 7. HP: 3/44 MP: 7/7
  5358 | D:7      | Slain by a bullfrog

Skill      XL: |  1  2  3  4  5  6 |
---------------+-------------------+-----
Axes           | 3 4 5 |  5.3
Dodging        | 2 3 |  3.5
Fighting       | 4 |  4.6
Stealth        | 1 |  1.2
Armour         | |  2.2

Action                   |  1- 3 |  4- 6 |  7- 9 || total
-------------------------+-------+-------+-------++-------
Melee: Hand axe          |   129 |   211 |     1 ||   341
Invok: Berserk           |     5 |     5 |       ||    10
  Use: Scroll            |       |    17 |       ||    17
       Potion            |       |     1 |       ||     1
  Eat: Chunk             |     6 |    13 |       ||    19
       Ration            |       |     1 |       ||     1
Armor: Animal skin       |    63 |    83 |     2 ||   148
Dodge: Dodged            |   102 |   151 |     4 ||   257
